 Dungeon Crawl Stone Soup version 0.23-a0-435-g79ed067 (webtiles) character file.

905 robertstho the Cutter (level 7, -6/58 HPs)
             Began as a Centaur Monk on Nov 15, 2018.
             Was a Priest of Okawaru.
             Killed by divine providence
             ... invoked by an orc priest
              (17 damage)
             ... on level 5 of the Dungeon.
             The game lasted 00:09:20 (3705 turns).

robertstho the Cutter (Centaur Monk)                Turns: 3705, Time: 00:09:22

Health: -6/58      AC:  7    Str: 16    XL:     7   Next: 80%
Magic:  5/7        EV: 14    Int:  9    God:    Okawaru [***...]
Gold:   233        SH:  0    Dex: 17    Spells: 6/6 levels left

rFire    . . .     SeeInvis .   i - +0 short sword (venom)
rCold    . . .     Gourm    .   (no shield)
rNeg     . . .     Faith    .   r - +0 ring mail
rPois    .         Spirit   .   (no helmet)
rElec    .         Reflect  .   (no cloak)
rCorr    .         Harm     .   (no gloves)
MR       .....                  (no barding)
Stlth    ++........             p - amulet of rage
HPRegen  0.19/turn              f - +6 ring of dexterity
MPRegen  0.10/turn              (no ring)

@: heroism, drained, very quick
A: large, hooves 3, deformed body, speed 2, tough skin 3
a: Heroism, Renounce Religion, Evoke Berserk Rage


You were on level 5 of the Dungeon.
You worshipped Okawaru.
Okawaru was most pleased with you.
You were not hungry.

You visited 2 branches of the dungeon, and saw 6 of its levels.

You collected 233 gold pieces.

Inventory:

Hand Weapons
 i - a +0 short sword of venom (weapon)
 l - a +2 dire flail of draining
 s - a +0 flail
Missiles
 u - 4 tomahawks (quivered)
 v - 2 javelins of returning
Armour
 j - a +0 chain mail
 k - a +0 leather armour
 r - a +0 ring mail (worn)
 E - a +0 scale mail
Jewellery
 f - a +6 ring of dexterity (left hand)
 p - an amulet of rage (around neck)
Wands
 B - a wand of disintegration (13)
Scrolls
 a - 2 scrolls of immolation {unknown}
 d - a scroll of noise {unknown}
 g - 3 scrolls of enchant armour {unknown}
 h - 4 scrolls of remove curse {unknown}
 m - 5 scrolls of teleportation {unknown}
 w - a scroll of blinking {unknown}
 y - a scroll of magic mapping {unknown}
 A - a scroll of amnesia {unknown}
 C - a scroll of enchant weapon {unknown}
 D - 2 scrolls of fear {unknown}
 G - a scroll of identify
Potions
 e - 2 potions of ambrosia {unknown}
 n - a potion of degeneration {unknown}
 o - a potion of lignification
 q - 2 potions of agility
 t - a potion of invisibility
 x - 2 potions of cancellation
 z - a potion of heal wounds {unknown}
 F - a potion of flight {unknown}
Comestibles
 b - 3 chunks of flesh
 c - 6 rations


   Skills:
 + Level 3.8(8.8) Fighting
 * Level 5.4(10.4) Short Blades
 + Level 1.1(6.1) Throwing
 * Level 3.5(8.5) Armour
 * Level 4.0(8.9) Dodging
 - Level 1.1(6.0) Stealth


You had 6 spell levels left.
You didn't know any spells.
Your spell library contained the following spells:

 Spells                   Type           Power        Failure   Level  Hunger
 Corona                   Hex            #......      56%         1    ##.....
 Magic Dart               Conj           #...         56%         1    ##.....
 Blink                    Tloc           N/A          71%         2    ###....
 Call Imp                 Summ           #.......     71%         2    ###....
 Ensorcelled Hibernation  Hex/Ice        #.....       71%         2    ###....
 Slow                     Hex            #.......     71%         2    ###....
 Confuse                  Hex            #.......     90%         3    ####...
 Conjure Flame            Conj/Fire      #.......     90%         3    ####...
 Dazzling Spray           Conj/Hex       #.....       90%         3    ####...
 Mephitic Cloud           Conj/Pois/Air  #.......     90%         3    ####...
 Tukima's Dance           Hex            #.......     90%         3    ####...


Dungeon Overview and Level Annotations

Branches:
Dungeon (5/15)             Temple (1/1) D:4

Altars:
Ashenzari
Makhleb
Okawaru
Qazlal
Trog
Uskayaw
Wu Jian

Shops:
D:5 [

Annotations:
D:5 3 runed doors, drock42's ghost, novice SpVM


Innate Abilities, Weirdness & Mutations

You have hooves in place of feet.
Armour fits poorly on your strangely shaped body.
You cover ground very quickly.
You have extremely tough skin. (AC +3)


Message History

You completely miss the orc priest.
You kick the orc priest, but do no damage.
The orc priest is heavily wounded.
The centaur hits you! The orc priest barely misses you.
You hit the centaur.
The centaur looks as sick as possible!
The centaur is severely wounded.
The centaur closely misses you.
You hit the orc priest but do no damage.
The orc priest is heavily wounded.
The orc priest hits you but does no damage.
The centaur hits you!
* * * LOW HITPOINT WARNING * * *
You hit the centaur.
The centaur looks as sick as possible!
You kick the centaur.
You kill the centaur!
Okawaru accepts your kill.
Your base Dodging skill increases to level 4!
The orc priest invokes the aid of Beogh against you.
Beogh smites you!
You die...

...............##.^.###...###...#
.##...##.......##...###...###...#
.##...##.......##................
.....)##......[##...............)
.......#..................>......
.......#.#####...................
.##....###.. ##........<.........
#####..# .....##(................
#..# ......o@...##....##.....
#..#...∩...')...##....##.....
#..#.......'....##.....#.....
#####.....###...#......#.÷...
#...# #...#......#..... ####
....#......'.....
....+......#.....
...#......#...). #############


You could see an orc priest.

Vanquished Creatures
  Sigmund (D:5)
  Edmund (D:5)
  2 ogres (D:5)
  A centaur (D:5)
  A scorpion (D:4)
  A hound (D:4)
  Ijyb (D:4)
  An iguana (D:4)
  2 worker ants
  4 adders
  3 gnolls (D:3)
  8 oozes (D:1)
  An adder zombie (D:5)
  A worm (D:4)
  3 dart slugs (D:1)
  3 leopard geckos
  2 ball pythons (D:1)
  17 giant cockroaches
  8 goblins
  3 hobgoblins
  9 jackals (D:1)
  2 quokkas (D:2)
  7 bats
  5 frilled lizards
  A jackal skeleton (D:3)
  9 kobolds
  9 rats
106 creatures vanquished.

Notes
Turn   | Place    | Note
-------+----------+-------------------------------------------
     0 | D:1      | robertstho the Centaur Monk began the quest for the Orb.
     0 | D:1      | Reached XP level 1. HP: 19/19 MP: 1/1
     1 | D:1      | Found a runed door.
   259 | D:1      | Reached XP level 2. HP: 24/26 MP: 2/2
   289 | D:1      | Reached skill level 3 in Short Blades
   424 | D:1      | Reached XP level 3. HP: 30/31 MP: 3/3
   793 | D:1      | Reached XP level 4. HP: 20/38 MP: 4/4
  1567 | D:3      | Reached skill level 1 in Armour
  1649 | D:3      | Reached XP level 5. HP: 26/45 MP: 5/5
  1661 | D:3      | Reached skill level 4 in Short Blades
  2258 | D:3      | Found an ornate altar of the Wu Jian Council.
  2374 | D:4      | Noticed Ijyb
  2388 | D:4      | Killed Ijyb
  2427 | D:4      | Reached XP level 6. HP: 12/51 MP: 6/6
  2696 | D:4      | Found a staircase to the Ecumenical Temple.
  2708 | Temple   | Entered the Ecumenical Temple
  2787 | Temple   | Became a worshipper of Warmaster Okawaru
  2787 | Temple   | Reached * piety under Okawaru
  2787 | Temple   | Reached ** piety under Okawaru
  3118 | D:5      | Entered Level 5 of the Dungeon
  3127 | D:5      | Found a stormy altar of Qazlal.
  3345 | D:5      | Noticed Sigmund
  3356 | D:5      | Killed Sigmund
  3356 | D:5      | Reached skill level 5 in Short Blades
  3356 | D:5      | Reached XP level 7. HP: 47/58 MP: 7/7
  3417 | D:5      | Found a runed gate.
  3418 | D:5      | Found a runed gate.
  3419 | D:5      | Found a runed gate.
  3421 | D:5      | Noticed drock42's ghost (novice SpVM)
  3475 | D:5      | Noticed Edmund
  3485 | D:5      | Killed Edmund
  3485 | D:5      | Reached *** piety under Okawaru
  3634 | D:5      | Reached skill level 1 in Throwing
  3690 | D:5      | Found Sikun's Armour Emporium.
  3705 | D:5      | Killed from afar by an orc priest

Vault maps used:
D:1:      dpeg_arrival_caged_fury, serial_glass, glass_columns_a,
          glass_columns_b, minmay_close_crescents
D:2:      minmay_roachtagon, first_ration
D:3:      lemuel_round_altar
D:4:      minmay_temple_entry_grid, uniq_ijyb
D:5:      lemuel_crystal_altar, gammafunk_ghost_necromancy, minmay_crystal_room,
          kennysheep_windowed_goal, uniq_menkaure, uniq_sigmund, uniq_duvessa,
          uniq_edmund
Temple:   minmay_temple_curvy_loop

Skill      XL: |  1  2  3  4  5  6  7 |
---------------+----------------------+-----
Short Blades   | 3 4 5 |  5.4
Dodging        | 3 4 |  4.0
Armour         | 1 2 3 |  3.5
Throwing       | 1 |  1.1
Fighting       | |  3.8
Stealth        | |  1.1

Action                   |  1- 3 |  4- 6 |  7- 9 || total
-------------------------+-------+-------+-------++-------
Melee: Short sword       |   110 |   195 |    20 ||   325
       Kick              |    27 |    58 |    10 ||    95
Throw: Tomahawk          |       |    10 |       ||    10
       Javelin           |       |     2 |       ||     2
Invok: Heroism           |       |       |     1 ||     1
  Use: Scroll            |     1 |     4 |       ||     5
       Potion            |       |     3 |       ||     3
  Eat: Chunk             |       |     6 |     1 ||     7
Armor: Robe              |    37 |       |       ||    37
       Leather armour    |     2 |    15 |       ||    17
       Ring mail         |       |    43 |     4 ||    47
Dodge: Dodged            |    55 |    86 |    11 ||   152

Table legend:
 A = Non-vault XP
 B = Vault XP
 C = Vault XP percentage of total XP
 D = Non-vault monster count
 E = Vault monster count
 F = Vault count percentage of total count
                 A         B        C        D         E       F
            +---------+---------+-------+---------+---------+-------
      Total |     663 |     631 |  48.8 |      73 |      33 |  31.1
            +---------+---------+-------+---------+---------+-------
        D:1 |      57 |      70 |  55.1 |      28 |      18 |  39.1
        D:2 |      24 |      22 |  47.8 |       7 |      11 |  61.1
        D:3 |     110 |       0 |   0.0 |      26 |       0 |   0.0
        D:4 |     194 |      39 |  16.7 |       7 |       1 |  12.5
        D:5 |     278 |     500 |  64.3 |       5 |       3 |  37.5
            +---------+---------+-------+---------+---------+-------
